 Dungeon Crawl Stone Soup version 0.16.0-17-g811c1d7 (webtiles) character file.

270327 serious the Warrior (level 21, -3/168 (173) HPs)
             Began as a Formicid Hunter on Mar 16, 2015.
             Was the Champion of Ru.
             Slain by a titan simulacrum (24 damage)
             ... animated by a necromancer
             ... on level 4 of the Vaults on Mar 22, 2015.
             The game lasted 06:23:36 (60035 turns).

serious the Warrior (Formicid Hunter)              Turns: 60035, Time: 06:23:37

HP:   -3/168 (173)  AC: 26    Str: 24      XL:     21   Next: 48%
MP:   36/36         EV: 17    Int: 11 (13) God:    Ru [******]
Gold: 3301          SH:  0    Dex: 23      Spells: 3 memorised, 21 levels left

rFire  + . .     SeeInvis +     a - +2 great mace (holy)
rCold  + . .     Clarity  +     u - +2 plate armour {rPois}
rNeg   . . .     SustAb   .     (shield unavailable)
rPois  +         Gourm    .     (helmet unavailable)
rElec  .         Spirit   .     n - +0 cloak
rCorr  .         Warding  .     X - +2 pair of fencer's gloves {EV+3 Dex+6 Slay+2}
rMut   .         Stasis   +     k - +2 pair of boots
MR     ++...     NoCast   +     O - amulet "Treq" {Clar -Cast rPois Str+5}
Stlth  +.........               W - ring of protection from fire
                                (ring unavailable)

@: exhausted, drained, very resistant to hostile enchantments, very unstealthy
A: permanent stasis, dig shafts and tunnels, four strong arms, antennae 3,
molten scales 1, cold resistance 1, spit poison 1, placid magic 1, missing a
hand, no hexes magic, no poison magic, no summoning magic, vulnerability to harm
1, disrupted magic 1, unskilled 1
a: Dig, Shaft Self, Spit Poison, Draw Out Power, Power Leap, Apocalypse,
Renounce Religion
}: 1/15 runes: gossamer


You were on level 4 of the Vaults.
You worshipped Ru.
Ru was exalted by your worship.
You were not hungry.

You visited 7 branches of the dungeon, and saw 41 of its levels.
You also visited: Ice Cave.

You collected 3961 gold pieces.
You spent 660 gold pieces at shops.

Inventory:

Hand weapons
 a - a +2 great mace of holy wrath (weapon)
 b - a +2 arbalest of flaming
 F - a +0 blowgun
 Z - a +2 dire flail of protection
Missiles
 c - 626 bolts
 j - 42 stones (quivered)
 m - 41 bolts of flame
 q - 26 bolts of penetration
 A - 15 poisoned bolts
 E - 37 steel bolts
 N - 12 curare-tipped needles
 Q - 63 bolts of frost
Armour
 k - a +2 pair of boots (worn)
 n - a +0 cloak (worn)
 u - a +2 plate armour of poison resistance (worn)
 X - the +2 pair of fencer's gloves (worn) {EV+3 Dex+6 Slay+2}
   (You found it on level 3 of the Swamp)

   It affects your evasion (+3).
   It affects your dexterity (+6).
   It affects your accuracy and damage with ranged weapons and melee attacks
   (+2).
Jewellery
 d - a +3 ring of evasion
 g - an uncursed ring of protection from magic
 s - an uncursed amulet of resist mutation
 z - the ring "Ebappees" {+Inv rPois}
   (You found it on level 1 of the Swamp)

   [ring of poison resistance]

   It protects you from poison.
   It lets you turn invisible.
 H - an uncursed amulet of resist corrosion
 M - the ring "Nam Syqi" {+Fly rC+}
   (You found it on level 2 of the Orcish Mines)

   [ring of flight]

   It protects you from cold.
   It lets you fly.
 O - the amulet "Treq" (around neck) {Clar -Cast rPois Str+5}
   (You found it on level 2 of the Orcish Mines)

   [amulet of clarity]

   It provides mental clarity.
   It affects your strength (+5).
   It protects you from poison.
   It prevents spellcasting.
 V - an uncursed amulet of regeneration
 W - a ring of protection from fire (right hand)
Magical devices
 l - a wand of draining (0)
 K - a wand of fire (4)
 L - a wand of fire (0)
 R - a wand of paralysis (6)
 T - a wand of enslavement (13)
 Y - a wand of fire (0)
Scrolls
 e - 5 scrolls of identify
 p - 2 scrolls of recharging
 v - 2 scrolls of enchant armour
 B - 10 scrolls of remove curse
 C - 4 scrolls of enchant weapon
 J - 2 scrolls of fear
 S - 3 scrolls of fog
Potions
 h - 9 potions of heal wounds
 i - 3 potions of resistance
 r - 10 potions of curing
 t - a potion of might
 w - a potion of invisibility
 x - 6 potions of restore abilities
 D - 4 potions of agility
 I - 3 potions of cancellation
 P - a potion of flight
Miscellaneous
 y - a lantern of shadows
 G - a fan of gales (inert)
 U - a sack of spiders {used: 1}
Comestibles
 f - 21 bread rations
 o - 3 meat rations


   Skills:
 - Level 16.8(16.3) Fighting
 + Level 15.4(15.0) Maces & Flails
 + Level 12.4(12.0) Crossbows
 + Level 16.3(15.8) Armour
 - Level 8.0(7.6) Dodging
 - Level 11.5(11.1) Stealth
 - Level 2.0(1.6) Spellcasting
 - Level 4.2(3.8) Translocations
 - Level 12.6(12.2) Evocations


You had 21 spell levels left.
You knew the following spells:

 Your Spells              Type           Power        Failure   Level  Hunger
a - Apportation           Tloc           #.........   47%         1    ##.....
b - Summon Butterflies    Summ           #.......     99%         1    ##.....
c - Animate Skeleton      Necr           N/A          99%         1    ##.....


Dungeon Overview and Level Annotations

Branches:
Dungeon (15/15)            Temple (1/1) D:5            Lair (8/8) D:8
  Swamp (4/5) Lair:6       Spider (5/5) Lair:3        Slime (0/6) Lair:8
    Orc (4/4) D:11            Elf (0/3) Orc:4        Vaults (4/5) D:14
  Crypt (0/3) Vaults:3     Depths (0/5) D:15

Altars:
Ashenzari
Cheibriados
Dithmenos
Elyvilon
Fedhas
Gozag
Kikubaaqudgha
Makhleb
Nemelex Xobeh
Okawaru
Qazlal
Ru
Sif Muna
Trog
Vehumet
Xom
Yredelemnul
Zin
The Shining One
Beogh
Jiyva

Shops:
D:6 !   D:11 ?   D:15 *   Orc:4 ?[}(

Portals:
Hell: Lair:8

Annotations:
Spider:2 Nikola
Vaults:2 Mennas


Innate Abilities, Weirdness & Mutations

You are under a permanent stasis effect.
You can dig through walls and to a lower floor.
Your four strong arms can wield two-handed weapons with a shield.
You have a pair of large antennae on your head (SInv).
You are missing a hand.
You cannot study or cast Hexes magic.
You cannot study or cast Poison magic.
You cannot study or cast Summoning magic.
You take slightly more damage. (-3 AC)
Your casting is slightly disrupted.
You are somewhat unskilled (-1 Apt).
You are partially covered in molten scales (AC +1).
Your flesh is cold resistant.
You can spit poison.
Your spells are a little easier to cast, but a little less powerful.


Message History

The titan simulacrum completely resists.
The titan simulacrum closely misses you.
You hear a shout!
Drink which item? (? for menu, Esc to quit)
You feel much better.
The deep elf fighter points at you and mumbles some strange words.
The puff of flame hits you!
The deep elf fighter points at you and mumbles some strange words.
The puff of flame hits you! You resist.
* * * LOW HITPOINT WARNING * * *
You focus your will and illuminate the deep elf fighter in retribution!
The titan simulacrum hits you!!
* * * LOW HITPOINT WARNING * * *
The titan simulacrum freezes you! You resist.
* * * LOW HITPOINT WARNING * * *
You focus your will and blind the titan simulacrum in retribution!
The titan simulacrum hits you.
* * * LOW HITPOINT WARNING * * *
The titan simulacrum freezes you!! You resist.
You die...

########'############..#
#..............# ###
#..............#
#..............#
#......).......#
######+#+#+#####
#.....).ZZ# {#......ZZZ#
#########@# {{ {#e# {
#e# {{ {


pV# {{ p.# .#.# p#.# ###.# #p# You could see 2 necromancers, 2 humans, a vampire
(invisible), a deep elf priest, a deep elf fighter (invisible), 4 titan
simulacra and a human simulacrum.

Vanquished Creatures
  Norris (Vaults:4)
  Arachne (Spider:1)
  2 tentacled monstrosities
  A titan (Vaults:4)
  Agnes (Swamp:4)
  A thorn hunter (Swamp:2)
  A fire giant (Vaults:4)
  A revenant (Vaults:3)
  Donald (D:14)
  A deep elf sorcerer (Vaults:2)
  Maud (D:15)
  7 emperor scorpions
  An orc warlord (Orc:3)
  Aizul (Spider:4)
  7 vault wardens
  6 ghost moths (Spider:5)
  Gastronok (D:11)
  5 ironheart preservers
  Jorgrun (Swamp:4)
  2 ghouls
  5 stone giants
  A dire elephant (Lair:8)
  Azrael (D:15)
  Snorg (D:15)
  A crystal guardian (Vaults:4)
  A deep elf death mage (Vaults:3)
  4 vault guards (Vaults:4)
  3 ettins
  Josephine (D:14)
  2 great orbs of eyes (Vaults:4)
  5 yaktaur captains
  3 ice dragons
  Harold (D:10)
  A catoblepas (D:14)
  21 hydras
  6 ogre magi
  Erica (Lair:8)
  6 centaur warriors
  A hell beast (Lair:8)
  9 alligators
  8 death yaks
  2 tengu warriors
  10 orc high priests
  Nergalle (D:12)
  A deep troll shaman (Vaults:4)
  Erolcha (D:11)
  5 deep elf knights
  A skeletal warrior (D:14)
  3 deep trolls
  A spriggan druid (Swamp:3)
  2 ice devils (IceCv)
  9 necromancers
  A lindwurm (Lair:7)
  3 swamp dragons
  5 wizards
  16 ironbrand convokers
  3 ice statues (IceCv)
  3 giant orange brains
  26 wolf spiders
  7 orc knights
  2 orc sorcerers
  4 deep elf conjurers
  4 harpies (Vaults:4)
  10 hill giants
  10 orb spiders
  3 griffons
  3 cyclopes
  A draconian (shapeshifter) (Vaults:3)
  A manticore (D:11)
  16 elephants
  5 centaur zombies
  7 black mambas
  6 hornets
  16 ugly things
  4 moths of wrath
  2 naga magi (D:15)
  Joseph (D:7)
  A rust devil (Orc:2)
  2 torpor snails
  A queen ant (Spider:5)
  6 vault sentinels
  3 orange demons (Lair:8)
  15 komodo dragons
  A yaktaur (shapeshifter) (D:15)
  4 kobold demonologists
  24 spiny frogs
  2 black mambas (shapeshifter)
  A redback zombie (D:12)
  An anaconda simulacrum (IceCv)
  16 yaktaurs
  A ghoul skeleton (Vaults:4)
  7 freezing wraiths
  13 demonic crawlers
  2 fire drakes
  A hellwing (Lair:8)
  A jumping spider (shapeshifter) (Vaults:4)
  A yaktaur skeleton (Vaults:1)
  2 giant leeches
  12 trolls
  24 jumping spiders
  15 blue devils
  14 blink frogs
  5 two-headed ogres
  A polar bear (Lair:7)
  A wind drake (shapeshifter) (Vaults:2)
  2 red devils (Lair:8)
  Sonja (Spider:1)
  7 boulder beetles
  Grinder (D:5)
  10 bog bodies
  Prince Ribbit (D:6)
  A harpy skeleton (D:12)
  13 ravens
  25 slime creatures
  11 trapdoor spiders
  23 tarantellas
  A basilisk (shapeshifter) (Vaults:1)
  A basilisk (Lair:7)
  49 redbacks
  2 vampires
  8 wraiths
  3 dire elephant simulacra (IceCv)
  A shadow (D:13)
  3 wyverns
  A human (shapeshifter) (Vaults:1)
  26 humans
  62 yaks
  9 deep elf fighters
  A hippogriff (shapeshifter) (Vaults:1)
  A yaktaur simulacrum (Vaults:2)
  3 fire elementals (D:15)
  13 vampire mosquitoes
  12 wolves
  A mottled dragon (Vaults:1)
  8 hippogriffs
  A hog (shapeshifter) (Vaults:1)
  20 insubstantial wisps
  2 iron troll simulacra (IceCv)
  Edmund (D:5)
  A neqoxec (Orc:4)
  2 hell hounds (D:15)
  7 wargs
  4 human zombies
  A harpy simulacrum (D:15)
  21 soldier ants
  26 swamp worms
  3 hydra simulacra (IceCv)
  29 water moccasins
  An ogre skeleton (Vaults:1)
  8 swamp drakes
  12 porcupines
  2 sky beasts
  4 wasps (Spider:5)
  10 ice beasts
  22 orc warriors
  An ettin simulacrum (IceCv)
  3 black bears
  A boggart (Vaults:1)
  22 spiders
  2 boring beetles
  3 necrophages
  18 centaurs
  4 phantoms
  16 crocodiles
  26 ogres
  27 giant frogs
  Blork the orc (D:4)
  5 big kobolds
  A wyvern skeleton (D:15)
  2 glowing shapeshifter simulacra
  12 scorpions
  12 killer bees
  An orc simulacrum (Vaults:1)
  3 wights (D:12)
  5 crimson imps
  3 vampire bats (D:4)
  9 electric eels
  4 goliath beetles
  A wasp zombie (D:12)
  13 hounds
  A giant frog zombie (D:8)
  A basilisk zombie (Lair:3)
  41 orc wizards
  30 worker ants
  5 centaur skeletons
  A gnoll shaman (D:6)
  43 orc priests
  7 jellies
  2 quasits
  5 giant frog skeletons
  12 iguanas
  6 polar bear simulacra (Lair:2)
  A wolf simulacrum (Lair:2)
  2 yak simulacra (Lair:2)
  20 sheep
  Ijyb (D:3)
  Jessica (D:3)
  A crocodile zombie (Lair:3)
  2 hound zombies
  A necrophage skeleton (Vaults:4)
  Terence (D:2)
  2 hound skeletons
  13 gnolls
  56 river rats
  29 adders
  A giant mite (D:5)
  2 worms (D:5)
  An adder skeleton (D:8)
  8 giant geckos
  10 oozes
  232 orcs
  4 bat skeletons
  2 bat zombies (D:4)
  5 giant cockroaches
  17 hobgoblins
  6 jackals
  17 quokkas
  2 ball pythons
  18 bats
  3 giant newts (D:2)
  3 giant spores
  27 goblins
  20 kobolds
  14 rats
  2 river rat simulacra (Lair:2)
  2 spectral orcs (D:13)
  17 ballistomycetes
  A briar patch (Swamp:2)
  A fungus (Lair:8)
  2 plants
1870 creatures vanquished.

Vanquished Creatures (collateral kills)
  An Ice Fiend (IceCv)
  A titan (Vaults:4)
  Rupert (Vaults:4)
  A necrophage (Vaults:4)
  A big kobold (Vaults:4)
  A human zombie (Vaults:4)
6 creatures vanquished.

Vanquished Creatures (others)
  Louise (Spider:2)
  A dire elephant (Lair:8)
  A vault guard (Vaults:4)
  Fannar (Lair:1)
  A deep troll shaman (Vaults:4)
  An ugly thing (D:13)
  A hornet (Spider:5)
  A cyclops (D:14)
  5 air elementals
  A deep elf priest (Vaults:4)
  A slime creature (Swamp:4)
  2 ravens (Swamp:2)
  A blink frog (Lair:7)
  3 trapdoor spiders (Vaults:4)
  A tarantella (Spider:2)
  3 redbacks (Spider:2)
  A deep elf fighter (Vaults:4)
  2 wolves
  A wyvern (Lair:8)
  2 yaks
  An insubstantial wisp (Swamp:3)
  2 swamp worms
  A water moccasin (Lair:8)
  2 spiders
  A soldier ant (Spider:5)
  2 ogres (Vaults:3)
  A naga zombie (D:15)
  An orc priest (Orc:1)
  An orc wizard (D:9)
  A worker ant (Spider:5)
  2 river rats (Lair:6)
  7 orcs
  A kobold (D:12)
  2 giant spores
  2 fungi
  5 plants
63 creatures vanquished.

Grand Total: 1939 creatures vanquished

Notes
Turn   | Place    | Note
--------------------------------------------------------------
     0 | D:1      | serious, the Formicid Hunter, began the quest for the Orb.
     0 | D:1      | Reached XP level 1. HP: 16/16 MP: 1/1
    12 | D:1      | Upgraded the game from 0.16.0-7-ge91f220 to 0.16.0-8-gd9ae3a8
   279 | D:1      | Reached XP level 2. HP: 2/22 MP: 3/3
   887 | D:1      | Reached skill level 5 in Crossbows
   887 | D:1      | Reached XP level 3. HP: 24/27 MP: 4/4
  1518 | D:1      | Reached XP level 4. HP: 24/33 MP: 5/5
  2214 | D:2      | Found a white marble altar of Elyvilon.
  2276 | D:2      | Noticed Terence
  2320 | D:2      | Killed Terence
  2464 | D:2      | Reached XP level 5. HP: 38/38 MP: 7/7
  2498 | D:2      | Reached skill level 6 in Crossbows
  2756 | D:3      | Reached skill level 10 in Crossbows
  2756 | D:3      | Reached skill level 5 in Dodging
  2756 | D:3      | Reached XP level 6. HP: 42/53 MP: 8/8
  3267 | D:3      | Noticed Ijyb
  3283 | D:3      | Killed Ijyb
  3330 | D:3      | Noticed Jessica
  3332 | D:3      | Killed Jessica
  4038 | D:4      | Reached skill level 1 in Maces & Flails
  4038 | D:4      | Reached XP level 7. HP: 55/59 MP: 9/9
  4460 | D:4      | Found an ancient bone altar of Kikubaaqudgha.
  4460 | D:4      | Noticed Blork the orc
  4492 | D:4      | Killed Blork the orc
  4660 | D:4      | Reached XP level 8. HP: 38/65 MP: 11/11
  4954 | D:5      | Entered Level 5 of the Dungeon
  4954 | D:5      | Found a shadowy altar of Dithmenos.
  4954 | D:5      | Noticed Grinder
  5003 | D:5      | Killed Grinder
  5003 | D:5      | Reached skill level 5 in Maces & Flails
  5428 | D:5      | Noticed Edmund
  5514 | D:5      | Killed Edmund
  5618 | D:5      | Gained mutation: You can spit poison. [potion of beneficial mutation]
  5815 | D:5      | Found a staircase to the Ecumenical Temple.
  5832 | Temple   | Entered the Ecumenical Temple
  6299 | D:6      | Reached XP level 9. HP: 54/71 MP: 12/12
  6565 | D:6      | Noticed Prince Ribbit
  6638 | D:6      | Killed Prince Ribbit
  6881 | D:6      | Found a sacrificial altar of Ru.
  6884 | D:6      | Became a worshipper of Ru the Awakened
  7307 | D:6      | Found Fumnee's Distillery.
  7310 | D:6      | Bought a potion of degeneration for 15 gold pieces
  7310 | D:6      | Bought a potion of curing for 45 gold pieces
  8114 | D:7      | Found a deep blue altar of Sif Muna.
  8114 | D:7      | Found a shadowy altar of Dithmenos.
  8146 | D:7      | Found an iron altar of Okawaru.
  8320 | D:7      | Noticed Joseph
  8352 | D:7      | Killed Joseph
  8352 | D:7      | Reached XP level 10. HP: 45/77 MP: 13/13
  8382 | D:7      | Gained mutation: You are somewhat unskilled (-1 Apt). [Ru sacrifice]
  8382 | D:7      | Reduced skill Crossbows to level 9
  8382 | D:7      | Acquired Ru's first power
  9233 | D:8      | Found a staircase to the Lair.
  9832 | D:8      | Found a sparkling altar of Nemelex Xobeh.
 10132 | Lair:1   | Entered Level 1 of the Lair of Beasts
 10474 | Lair:1   | Noticed a black mamba
 10495 | Lair:1   | Killed a black mamba
 10495 | Lair:1   | Reached skill level 10 in Maces & Flails
 10678 | Lair:1   | Reached XP level 11. HP: 59/83 MP: 15/15
 10713 | Lair:1   | Noticed a seven-headed hydra
 10771 | D:8      | HP: 3/83 [blink frog (15)]
 11405 | Lair:1   | Noticed Fannar
 11632 | Lair:1   | HP: 4/84 [porcupine's spines[the player character] (3)]
 12336 | Lair:1   | Killed Fannar
 12703 | Lair:1   | Gained mutation: You are missing a hand. [Ru sacrifice]
 12703 | Lair:1   | Acquired Ru's second power
 12703 | Lair:1   | Acquired Ru's third power
 12703 | Lair:1   | Acquired Ru's fourth power
 14269 | Lair:3   | Upgraded the game from 0.16.0-8-gd9ae3a8 to 0.16.0-11-gd45b091
 14422 | Lair:3   | Reached XP level 12. HP: 91/95 MP: 16/16
 14444 | Lair:3   | Noticed a seven-headed hydra
 14608 | Lair:3   | Noticed a necromancer
 14621 | Lair:3   | Killed a necromancer
 15299 | Lair:3   | Gained mutation: Your casting is slightly disrupted. [Ru sacrifice]
 15299 | Lair:3   | Acquired Ru's fifth power
 15442 | Lair:3   | Noticed a seven-headed hydra
 15485 | Lair:3   | Found a hole to the Spider Nest.
 15750 | Lair:4   | Noticed a seven-headed hydra
 16877 | Lair:4   | Reached skill level 5 in Stealth
 16888 | Lair:4   | Reached skill level 1 in Evocations
 17210 | Lair:4   | Reached skill level 11 in Maces & Flails
 17335 | Lair:4   | Identified a +0 rod of inaccuracy (12/12) (You found it on level 2 of the Lair of Beasts)
 17887 | Lair:5   | Noticed a six-headed hydra
 17952 | Lair:4   | Reached XP level 13. HP: 74/101 MP: 22/22
 18376 | Lair:2   | Noticed a necromancer
 18383 | Lair:2   | Killed a necromancer
 18448 | Lair:2   | Gained mutation: You take slightly more damage. (-3 AC) [Ru sacrifice]
 18521 | Lair:2   | Reached skill level 5 in Evocations
 18685 | Lair:2   | Reached skill level 1 in Armour
 19239 | Lair:3   | Killed a seven-headed hydra
 19306 | Lair:3   | Killed a seven-headed hydra
 19389 | Lair:3   | Reached skill level 10 in Crossbows
 19472 | Lair:4   | Killed a seven-headed hydra
 20025 | Lair:5   | Reached skill level 12 in Maces & Flails
 20294 | Lair:5   | Noticed a death yak
 20317 | Lair:5   | Noticed a death yak
 20376 | Lair:5   | Noticed a death yak
 20545 | Lair:5   | Noticed a death yak
 20616 | Lair:4   | Killed a death yak
 20706 | Lair:4   | Killed a death yak
 20706 | Lair:4   | Reached skill level 5 in Armour
 20997 | Lair:4   | Killed a death yak
 21094 | Lair:5   | Killed a death yak
 21667 | Lair:5   | Noticed a four-headed hydra
 21679 | Lair:5   | Killed a four-headed hydra
 21846 | Lair:5   | Noticed a seven-headed hydra
 21859 | Lair:5   | Killed a seven-headed hydra
 21859 | Lair:5   | Reached XP level 14. HP: 45/109 MP: 24/24
 21929 | Lair:5   | Learned a level 1 spell: Apportation
 21931 | Lair:5   | Learned a level 1 spell: Summon Butterflies
 22287 | Lair:5   | Reached skill level 1 in Translocations
 22717 | Lair:5   | Killed a six-headed hydra
 22717 | Lair:5   | Reached skill level 10 in Fighting
 23347 | Lair:5   | Gained mutation: You cannot study or cast Poison magic. [Ru sacrifice]
 23347 | Lair:5   | Gained mutation: You cannot study or cast Hexes magic. [Ru sacrifice]
 23347 | Lair:5   | Gained mutation: You cannot study or cast Summoning magic. [Ru sacrifice]
 23949 | Lair:6   | Reached skill level 13 in Maces & Flails
 24256 | Lair:6   | Found a staircase to the Swamp.
 27313 | Lair:8   | Entered Level 8 of the Lair of Beasts
 27342 | Lair:8   | Found a glowing golden altar of the Shining One.
 27591 | Lair:8   | Noticed Erica
 27603 | Lair:8   | Killed Erica
 28497 | D:8      | Killed a seven-headed hydra
 28497 | D:8      | Reached XP level 15. HP: 105/120 MP: 25/25
 28660 | D:9      | Reached skill level 14 in Maces & Flails
 28958 | D:9      | Found a blossoming altar of Fedhas.
 29580 | D:10     | Entered Level 10 of the Dungeon
 30004 | D:10     | Learned a level 1 spell: Animate Skeleton
 30163 | D:10     | Noticed Harold
 30190 | D:10     | Killed Harold
 30643 | D:11     | Noticed Erolcha
 30668 | D:11     | Killed Erolcha
 30688 | D:11     | Found a staircase to the Orcish Mines.
 30768 | D:11     | Found a glowing silver altar of Zin.
 30945 | D:11     | Noticed Gastronok
 30971 | D:11     | Killed Gastronok
 31187 | D:11     | Found Loetev's Magic Scroll Shoppe.
 31509 | Orc:1    | Entered Level 1 of the Orcish Mines
 31684 | Orc:2    | Found a roughly hewn altar of Beogh.
 31917 | Orc:2    | Found a roughly hewn altar of Beogh.
 33250 | Orc:2    | Got a sparkling jade ring
 33253 | Orc:2    | Got a smoking brass amulet
 33255 | Orc:2    | Identified the amulet "Treq" {Clar -Cast rPois Str+5} (You found it on level 2 of the Orcish Mines)
 33257 | Orc:2    | Identified the ring "Nam Syqi" {+Fly rC+} (You found it on level 2 of the Orcish Mines)
 34372 | Orc:4    | Entered Level 4 of the Orcish Mines
 34760 | Orc:4    | Found a staircase to the Elven Halls.
 34777 | Orc:4    | Gained mutation: Your spells are a little easier to cast, but a little less powerful. [a neqoxec]
 34781 | Orc:4    | Gained mutation: Your flesh is cold resistant. [a neqoxec]
 35246 | Orc:4    | Found Megrahigg's Magic Scroll Shoppe.
 35246 | Orc:4    | Found Fygoxtae's Armour Boutique.
 35551 | Orc:4    | Found a roughly hewn altar of Beogh.
 35936 | Orc:4    | Found Chof's Gadget Shoppe.
 35936 | Orc:4    | Found Busuarr's Weapon Boutique.
 36155 | Orc:4    | Bought a fan of gales for 600 gold pieces
 36547 | Orc:3    | Noticed an orc warlord
 36556 | Orc:3    | Killed an orc warlord
 36907 | D:12     | Reached XP level 16. HP: 110/130 MP: 29/29
 37381 | D:13     | Reached skill level 1 in Spellcasting
 37747 | D:13     | Noticed Nergalle
 37774 | D:12     | Killed Nergalle
 38395 | D:14     | Found a gate to the Vaults.
 38395 | D:14     | Noticed Donald
 38400 | D:14     | Killed Donald
 38765 | D:14     | Noticed Josephine
 38792 | D:14     | Killed Josephine
 39072 | D:15     | Entered Level 15 of the Dungeon
 39137 | D:15     | Found Ciurghir's General Store.
 39224 | D:15     | Noticed Snorg
 39243 | D:15     | Killed Snorg
 39275 | D:15     | Reached skill level 10 in Armour
 39453 | D:15     | Found a staircase to the Depths.
 39599 | D:15     | Noticed Maud
 39625 | D:15     | Killed Maud
 39800 | D:15     | Noticed Azrael
 39824 | D:15     | Killed Azrael
 40566 | Lair:6   | Reached XP level 17. HP: 129/137 MP: 30/30
 40914 | Lair:8   | Found a burning altar of Makhleb.
 40985 | Lair:8   | Found a gateway to Hell.
 41020 | Lair:8   | Got a translucent mace
 41021 | Lair:8   | Identified the +1 mace "Treeneis" {crush, rF- rC++ MR+ Int+6} (You found it on level 8 of the Lair of Beasts)
 41238 | Lair:8   | Found a runed door.
 41240 | Lair:8   | Found a viscous altar of Jiyva.
 41240 | Lair:8   | Found a staircase to the Slime Pits.
 41352 | Lair:8   | Upgraded the game from 0.16.0-11-gd45b091 to 0.16.0-17-g811c1d7
 41558 | Spider:1 | Entered Level 1 of the Spider Nest
 41768 | Spider:1 | Noticed Sonja
 41781 | Spider:1 | Killed Sonja
 42922 | Spider:1 | Reached skill level 10 in Evocations
 43639 | Spider:2 | Noticed Arachne
 43879 | Spider:1 | Killed Arachne
 44025 | Spider:2 | Noticed Nikola
 44030 | Spider:2 | Noticed Louise
 44160 | Spider:2 | Got a coiled ivory ring
 44162 | Spider:2 | Identified the ring "Fat Acwu" {rPois rC+ Int+3 SInv} (You found it on level 2 of the Spider Nest)
 44690 | Swamp:1  | Entered Level 1 of the Swamp
 44852 | Swamp:1  | Got a glittering jade ring
 44854 | Swamp:1  | Identified the ring "Ebappees" {+Inv rPois} (You found it on level 1 of the Swamp)
 45527 | Swamp:2  | Found a frozen archway.
 45576 | IceCv    | Entered an ice cave
 46014 | IceCv    | Noticed an Ice Fiend
 46058 | IceCv    | Killed an Ice Fiend
 46058 | IceCv    | Reached XP level 18. HP: 45/147 MP: 32/32
 47302 | Swamp:2  | Reached skill level 15 in Fighting
 47750 | Swamp:3  | Got a pair of spiked gloves
 47761 | Swamp:3  | Identified the +1 pair of gloves of Death's Door {rN+ MR++ Int-4 SInv Stlth-} (You found it on level 3 of the Swamp)
 48195 | Swamp:3  | Noticed a tentacled monstrosity
 48206 | Swamp:3  | Killed a tentacled monstrosity
 48489 | Swamp:4  | Noticed Jorgrun
 48522 | Swamp:4  | Killed Jorgrun
 48991 | Swamp:4  | Noticed Agnes
 49007 | Swamp:4  | Killed Agnes
 50484 | Spider:2 | Killed Louise
 51315 | Spider:4 | Noticed Aizul
 51342 | Spider:4 | Killed Aizul
 51734 | Spider:4 | Reached XP level 19. HP: 66/157 MP: 34/34
 52348 | Spider:5 | Entered Level 5 of the Spider Nest
 52772 | Spider:5 | Reached skill level 10 in Stealth
 52802 | Spider:5 | Reached skill level 16 in Fighting
 53152 | Spider:5 | Gained mutation: You are partially covered in molten scales (AC +1). [potion of beneficial mutation]
 54372 | Spider:5 | Got a gossamer rune of Zot
 54844 | Vaults:1 | Entered Level 1 of the Vaults
 56004 | Vaults:1 | Reached XP level 20. HP: 133/167 MP: 35/35
 56451 | Vaults:2 | Noticed Mennas
 56785 | Vaults:2 | Reached skill level 15 in Armour
 57374 | Vaults:3 | Found a staircase to the Crypt.
 59043 | Vaults:4 | Reached skill level 15 in Maces & Flails
 59052 | Vaults:4 | Reached XP level 21. HP: 58/173 MP: 36/36
 59290 | Vaults:4 | Noticed Norris
 59756 | Vaults:4 | Killed Norris
 59962 | Vaults:4 | Noticed Rupert
 59975 | Vaults:4 | Killed Rupert
 60035 | Vaults:4 | Slain by a titan simulacrum

Action                   |  1- 3 |  4- 6 |  7- 9 | 10-12 | 13-15 | 16-18 | 19-21 || total
-------------------------+-------+-------+-------+-------+-------+-------+-------++-------
Melee: Short sword       |   112 |   159 |       |       |       |       |       ||   271
       Whip              |       |    50 |   198 |       |       |       |       ||   248
       Flail             |       |       |   192 |   877 |  1719 |       |       ||  2788
       Dire flail        |       |       |       |       |   507 |  1657 |   605 ||  2769
       Great mace        |       |       |       |       |       |       |   621 ||   621
 Fire: Hand crossbow     |       |    13 |    75 |    44 |    50 |    53 |    15 ||   250
       Arbalest          |       |       |       |       |       |       |    28 ||    28
Throw: Stone             |       |       |       |    14 |    49 |     9 |     1 ||    73
       Throwing net      |       |       |       |       |     2 |       |     1 ||     3
Invok: Sacrifice Skill   |       |       |       |     1 |       |       |       ||     1
       Draw Out Power    |       |       |       |     4 |     4 |     3 |     2 ||    13
       Sacrifice a Hand  |       |       |       |     1 |       |       |       ||     1
       Power Leap        |       |       |       |     1 |    14 |     4 |       ||    19
       Sacrifice Essence |       |       |       |     1 |       |       |       ||     1
       Sacrifice Health  |       |       |       |       |     1 |       |       ||     1
       Sacrifice Arcana  |       |       |       |       |     1 |       |       ||     1
       Apocalypse        |       |       |       |       |     1 |     1 |       ||     2
 Abil: Spit Poison       |       |       |     4 |     7 |     5 |     1 |       ||    17
       Dig               |       |       |       |     4 |     6 |     2 |     2 ||    14
Evoke: Wand              |       |       |       |     1 |       |     2 |     9 ||    12
       Phantom mirror    |       |       |       |       |       |     2 |       ||     2
       Fan of gales      |       |       |       |       |       |     1 |     3 ||     4
       Sack of spiders   |       |       |       |       |       |       |     1 ||     1
  Use: Scroll            |       |    11 |     7 |    14 |     7 |     8 |    11 ||    58
       Potion            |       |     1 |     3 |     9 |     4 |     3 |     4 ||    24
 Stab: Sleeping          |       |     2 |     1 |     6 |    20 |     1 |     8 ||    38
       Distracted        |       |       |       |     5 |     9 |     3 |    14 ||    31
       Invisible         |       |       |       |     7 |    35 |    20 |    18 ||    80
       Paralysed         |       |       |       |       |    37 |    16 |     8 ||    61
       Confused          |       |       |       |       |     1 |       |       ||     1
       Petrified         |       |       |       |       |       |     2 |       ||     2
       Held in net/web   |       |       |       |       |       |       |     2 ||     2
  Eat: Chunk             |     2 |     8 |    14 |    28 |    60 |    33 |    21 ||   166
       Fruit             |       |       |     1 |     2 |     3 |     6 |     6 ||    18
       Beef jerky        |       |       |       |     1 |       |     3 |     1 ||     5
       Royal jelly       |       |       |       |       |       |     1 |     1 ||     2
       Pizza             |       |       |       |       |       |     1 |     1 ||     2
       Meat ration       |       |       |       |       |       |     1 |       ||     1
